 Dungeon Crawl Stone Soup version 0.31-a0-889-g1a8549509d (webtiles) character file.

Game seed: 5087977968536198249

30 Kuronicle the Changeling (level 2, -1/23 HPs)
             Began as a Demigod Shapeshifter on Oct 16, 2023.
             Succumbed to an adder's poison
             ... on level 2 of the Dungeon.
             The game lasted 00:02:04 (780 turns).

Kuronicle the Changeling (Demigod Shapeshifter)      Turns: 780, Time: 00:02:04

Health: -1/23      AC:  2    Str: 15    XL:     2   Next: 87%
Magic:  4/4        EV: 12    Int: 12    God:
Gold:   39         SH:  0    Dex: 13    Spells: 1/1 levels left

rFire   . .          .
                       - Unarmed
rCold   . . .        (no shield)
rNeg    . . .        a - +0 animal skin
rPois   .            (helmet currently unavailable)
rElec   .            (cloak currently unavailable)
rCorr   .            (gloves currently unavailable)
SInv    .            (boots currently unavailable)
Will    .....        (no amulet)
Stlth   +            (no ring)
HPRegen 0.23/turn    (no ring)
MPRegen 0.09/turn

%: no passive effects
@: lethally poisoned (-1 -> -7), beast-form
A: beast (slay +1), high MP 1, forlorn, divine attributes
a: Begin Untransformation


You were on level 2 of the Dungeon.
You were a hulking beast.
You visited 1 branch of the dungeon, and saw 2 of its levels.

You collected 39 gold pieces.

Inventory:

Armour
 a - a +0 animal skin (worn)
Jewellery
 g - a +6 ring of strength
Talismans
 c - a beast talisman (active)
 d - a flux talisman
Scrolls
 e - a scroll of fog {unknown}
Potions
 b - a potion of lignification
 h - a potion of cancellation {unknown}


   Skills:
 * Level 1.1 Fighting
 * Level 2.0 Dodging
 + Level 0.1 Stealth
 + Level 3.0 Unarmed Combat
 * Level 3.2 Shapeshifting


You had one spell level left.
You didn't know any spells.
Your spell library was empty.

Dungeon Overview and Level Annotations

Branches:
Dungeon (2/15)


Innate Abilities, Weirdness & Mutations

You are a hulking beast.
Your limbs bulge with bestial killing power. (Slay +1)
You have an increased reservoir of magic. (+10% MP)
You shall have no god before yourself.
Your divine heritage dramatically boosts your attributes as you level up.


Message History

The quokka is severely wounded.
The quokka misses you.
You closely miss the quokka.
The quokka is severely wounded.
The quokka bites you.
You barely miss the quokka.
The quokka is severely wounded.
The quokka barely misses you. x2
You closely miss the quokka.
The quokka is heavily wounded.
The quokka bites you.
* * * LOW HITPOINT WARNING * * *
You hit the quokka.
You kill the quokka!
You hit the endoplasm.
You kill the endoplasm!
You hit the adder but do no damage. The adder misses you.
You hit the adder.
The adder is severely wounded.
The adder barely misses you.
You completely miss the adder.
The adder is severely wounded.
The adder bites you.
* * * LOW HITPOINT WARNING * * *
You are poisoned.
The adder poisons you!
You barely miss the adder.
The adder is severely wounded.
You feel sick. The adder completely misses you. The adder bites you.
* * * LOW HITPOINT WARNING * * *
You hit the adder.
The adder is almost dead.
* * * LOW HITPOINT WARNING * * *
You feel sick. The adder bites you.
* * * LOW HITPOINT WARNING * * *
You are more poisoned.
The adder poisons you!
You hit the adder.
You kill the adder!
You die...

#.... #
###.#.....
#.#....
#####.#.#.#
#.........#
###.#.#####
##.......# ..#
#....#####
....##.#.#
#... #.#h#
.....#.#†##
#....#..w.#
........#.#
#......(#.#
..#+#..)..####
#........#
#........#
.......(.....


You could see a worm.

Vanquished Creatures
  An adder (D:2)
  A dart slug (D:2)
  3 endoplasms
  2 goblins
  3 hobgoblins
  3 quokkas
  3 ball pythons
  7 bats (D:1)
  A frilled lizard (D:1)
  A kobold (D:1)
  2 rats (D:1)
27 creatures vanquished.

Notes
Turn   | Place    | Note
-------+----------+-------------------------------------------
     0 | D:1      | Kuronicle the Demigod Shapeshifter began the quest for the
                  | Orb.
     0 | D:1      | Reached XP level 1. HP: 15/15 MP: 3/3
    42 | D:1      | Reached skill level 1 in Fighting
   241 | D:1      | Reached XP level 2. HP: 23/23 MP: 4/4
   779 | D:2      | HP: 1/23 [adder (1)]
   780 | D:2      | Succumbed to an adder's poison

Illustrated notes

Levels and vault maps discovered:
D:1:      dpeg_arrival_refuge, layout_loops_ring, ebering_ecumenical_altar_mist
D:2:      layout_basic, grunt_decor_clamped, uniq_jessica

Skill      XL: |  1  2 |
---------------+-------+-----
Fighting       | 1 |  1.1
Shapeshifting  | 3 |  3.2
Dodging        | 2 |  2.0
Unarmed Combat | 3 |  3.0
Stealth        | |  0.1

Action                     || total
---------------------------++-------
  Melee: Unarmed           ||    66
         Punch             ||     2
    Use: Scroll            ||     2
   Stab: Sleeping          ||     2
 Armour: Animal skin       ||    31
  Dodge: Dodged            ||    48

Table legend: (Time is in decaauts)
 A = Elapsed time spent in this place.
 B = Non-inter-level travel time spent in this place.
 C = Inter-level travel time spent in this place.
 D = Time resting spent in this place.
 E = Time spent auto-exploring this place.
 F = Levels seen in this place.
 G = Mean time per level.
                   A        B        C        D        E       F      G
               +--------+--------+--------+--------+--------+-----+--------+
         Total |    776 |    751 |     25 |     37 |    541 |   2 |  388.0 |
       Dungeon |    776 |    751 |     25 |     37 |    541 |   2 |  388.0 |
               +--------+--------+--------+--------+--------+-----+--------+

Top non-repeatable levels by time:
     D:1: 639 daAuts
     D:2: 136 daAuts
